 Dungeon Crawl Stone Soup version 0.31-a0-702-gf82c85558f (webtiles) character file.

Game seed: 5780324478737451476

77 qw the Shooter (level 4, -1/28 HPs)
             Began as a Gargoyle Hunter on Sept 8, 2023.
             Slain by a gnoll
             ... wielding a +0 spear
              (4 damage)
             ... on level 2 of the Dungeon.
             The game lasted 00:00:34 (1409 turns).

qw the Shooter (Gargoyle Hunter)                    Turns: 1409, Time: 00:00:34

Health: -1/28      AC:  6    Str: 15    XL:     4   Next: 33%
Magic:  4/4        EV: 11    Int:  9    God:
Gold:   27         SH:  0    Dex: 15    Spells: 3/3 levels left

rFire   . . .        Y - +0 shortbow
rCold   . . .        (shield currently unavailable)
rNeg    + . .        c - +0 leather armour
rPois   inf          (no helmet)
rElec   +            (no cloak)
rCorr   .            (no gloves)
SInv    .            (no boots)
Will    .....        (no amulet)
Stlth   ++           (no ring)
HPRegen 0.24/turn    (no ring)
MPRegen 0.09/turn

%: no passive effects
@: no status effects
A: sickness immunity, AC +3, negative energy resistance 1, electricity
resistance, torment resistance 1, petrification resistance
a: no special abilities


You were on level 2 of the Dungeon.
You visited 1 branch of the dungeon, and saw 2 of its levels.

You collected 72 gold pieces.
You spent 45 gold pieces at shops.


Innate Abilities, Weirdness & Mutations

You are immune to sickness and miasma.
Your stone body is resilient. (AC +3)
You are immune to poison.
You resist negative energy. (rN+)
You are resistant to electric shocks. (rElec)
You are resistant to unholy torment.
You are immune to petrification.


   Skills:
 - Level 3.2 Fighting
 + Level 5.2 Ranged Weapons
 - Level 1.5 Dodging
 - Level 1.1 Stealth


You had 3 spell levels left.
You didn't know any spells.
Your spell library was empty.

Inventory:

Hand Weapons
 Y - a +0 shortbow (weapon)
Armour
 c - a +0 leather armour (worn)
 k - a +0 cloak
Jewellery
 b - a ring of fire
Scrolls
 a - 5 scrolls of identify {unknown}
Potions
 d - a potion of enlightenment
 e - 2 potions of cancellation {unknown}
 f - 3 potions of curing {unknown}
 g - a potion of lignification {unknown}
 h - a potion of berserk rage {unknown}
 i - a potion of ambrosia {unknown}
 j - a potion of might {unknown}

Dungeon Overview and Level Annotations

Branches:
Dungeon (2/15)

Altars:

Shops:
D:2 [


Message History

1397 ||| RETREATING.
1399 |||
Found retreat position at 2,2 (floor) with 0 blocking monsters and 1 monsters attacking at destination at distance 3
Enter note:
Enter note:
Enter note:
1399 ||| Stepping ~*~*~tactically~*~*~ (retreating).
You shoot an arrow. The arrow hits the gnoll.
The gnoll is moderately wounded.
You hear a shout!
The gnoll hits you from afar with a +0 spear.
You shoot an arrow.
The arrow hits the gnoll but does no damage.
The gnoll is moderately wounded.
The gnoll misses you.
You shoot an arrow. The arrow hits the gnoll.
The gnoll is heavily wounded.
The gnoll hits you from afar with a +0 spear!
The gnoll hits you from afar with a +0 spear.
You shoot an arrow.
The arrow hits the gnoll but does no damage.
The gnoll is heavily wounded.
The gnoll hits you from afar with a +0 spear.
You shoot an arrow. The arrow completely misses the gnoll.
The gnoll hits you from afar with a +0 spear.
You shoot an arrow. The arrow hits the gnoll.
The gnoll is heavily wounded.
The gnoll hits you from afar with a +0 spear.
You shoot an arrow. The arrow hits the gnoll.
The gnoll is almost dead.
The gnoll completely misses you.
You shoot an arrow. The arrow closely misses the gnoll.
The gnoll hits you from afar with a +0 spear.
You shoot an arrow. The arrow hits the gnoll.
The gnoll is almost dead.
The gnoll hits you but does no damage. The gnoll barely misses you.
You shoot an arrow.
The arrow hits the gnoll but does no damage.
The gnoll is almost dead.
The gnoll hits you from afar with a +0 spear.
You die...

....###########
...........
..............#
..............#
###...........####
#...........##.#######
#
#...........##.g.gg...
# #...........##.# ###
# ..........##@#<..# #
..........'%...# #
..........##.#.# #
..........#..#.# #
#########.##.# #
#############.##.#
..............##.#
################.# #.#


You could see a gnoll.

Vanquished Creatures
  A gnoll (D:2)
  2 adders (D:2)
  A worm (D:2)
  3 endoplasms
  3 giant cockroaches
  5 goblins (D:1)
  4 hobgoblins (D:1)
  5 jackals
  3 kobolds (D:1)
  A quokka (D:1)
  4 ball pythons (D:1)
  5 bats
  3 frilled lizards (D:2)
  4 rats
44 creatures vanquished.

Notes
Turn   | Place    | Note
-------+----------+-------------------------------------------
     0 | D:1      | qw the Gargoyle Hunter began the quest for the Orb.
     0 | D:1      | Reached XP level 1. HP: 12/12 MP: 1/1
     0 | D:1      | 0 ||| qw: Version: 0.3-a-76-g4403597
     0 | D:1      | 0 ||| qw: Game counter: 1261
     0 | D:1      | 0 ||| qw: Melee chars always use a shield: true
     0 | D:1      | 0 ||| qw: God list: Okawaru
     0 | D:1      | 0 ||| qw: Allow faded altars: false
     0 | D:1      | 0 ||| qw: Do Orc after clearing Dungeon:15 true
     0 | D:1      | 0 ||| qw: Do second Lair branch before Depths: true
     0 | D:1      | 0 ||| qw: Lair rune preference: random
     0 | D:1      | 0 ||| qw: Goals: Normal
     0 | D:1      | 0 ||| PLANNING D:1-11
    72 | D:1      | Reached XP level 2. HP: 14/17 MP: 2/2
   252 | D:1      | Reached XP level 3. HP: 21/21 MP: 3/3
   378 | D:1      | Reached skill level 5 in Ranged Weapons
   577 | D:1      | Found a faded altar of an unknown god.
   780 | D:1      | 780 ||| READING 2 scrolls labelled RIAROA ELOL.
   781 | D:1      | 781 ||| READING scroll labelled ZIRCHE JULERGH.
   786 | D:1      | 786 ||| DRINKING 2 amethyst potions.
   787 | D:1      | 787 ||| DROPPING scroll of noise.
   788 | D:1      | 788 ||| DROPPING scroll of butterflies.
   948 | D:2      | Reached skill level 3 in Fighting
   951 | D:2      | Reached XP level 4. HP: 13/28 MP: 4/4
  1212 | D:2      | Found Uku Gonitz's Armour Boutique.
  1228 | D:2      | 1228 ||| BUYING +0 cloak (45 gold).
  1228 | D:2      | Bought a +0 cloak for 45 gold pieces
  1228 | D:2      | 1228 ||| SHOPLISTING +0 ring mail (40 gold, have 27).
  1300 | D:2      | 1300 ||| Stepping ~*~*~tactically~*~*~ (retreating).
  1304 | D:2      | HP: 7/28 [gnoll/+0 halberd (6)]
  1391 | D:2      | 1391 ||| Stepping ~*~*~tactically~*~*~ (outnumbered).
  1393 | D:2      | 1393 ||| Stepping ~*~*~tactically~*~*~ (outnumbered).
  1395 | D:2      | 1395 ||| RETREATING.
  1397 | D:2      | 1397 ||| RETREATING.
  1399 | D:2      | 1399 ||| Stepping ~*~*~tactically~*~*~ (retreating).
  1404 | D:2      | HP: 7/28 [gnoll/+0 spear (5)]
  1405 | D:2      | HP: 3/28 [gnoll/+0 spear (5)]
  1409 | D:2      | Slain by a gnoll

Levels and vault maps discovered:
D:1:      erik_arrival_triangle_small, layout_basic, basic_ecumenical_altar
D:2:      layout_basic, serial_shops, shop

Skill      XL: |  1  2  3 |
---------------+----------+-----
Ranged Weapons | 5 |  5.2
Fighting       | 3 |  3.2
Dodging        | |  1.5
Stealth        | |  1.1

Action                     |  1- 3 |  4- 6 || total
---------------------------+-------+-------++-------
   Fire: Shortbow          |    96 |    36 ||   132
    Use: Scroll            |     2 |       ||     2
         Potion            |     1 |       ||     1
 Armour: Leather armour    |    32 |    13 ||    45
  Dodge: Dodged            |    26 |     9 ||    35

Table legend:
 A = Non-vault XP
 B = Vault XP
 C = Vault XP percentage of total XP
 D = Non-vault monster count
 E = Vault monster count
 F = Vault count percentage of total count
                 A         B        C        D         E       F
            +---------+---------+-------+---------+---------+-------
      Total |     110 |       0 |   0.0 |      44 |       0 |   0.0
            +---------+---------+-------+---------+---------+-------
        D:1 |      50 |       0 |   0.0 |      30 |       0 |   0.0
        D:2 |      60 |       0 |   0.0 |      14 |       0 |   0.0
            +---------+---------+-------+---------+---------+-------
